Map: World of Sleepers LE

Players

Maphtar

  • Race: Terran Terran
  • League: Platinum
  • Spawn Location: 7:00

bablit - Winner!

  • Race: Terran Terran
  • League: Diamond
  • Spawn Location: 1:00

VOD

Have the link to the VOD?

Description

Time

  • Played on: Oct. 5, 2019, 2:22 p.m.
  • Length: 12:33
Show
View Real Time Build Order
Export as new Build Order

Maphtar Terran 

Build Orders:  

Get SALT Encoding   

  12  0:00  SCV  
  13  0:12  SCV  
  14  0:17  Supply Depot  
  14  0:24  SCV  
  15  0:31  Refinery  
  15  0:38  SCV  
  16  0:45  Barracks  
  16  0:50  SCV  
  17  0:58  Refinery  
  17  1:02  SCV  
  18  1:14  SCV  
  19  1:27  SCV  
  19  1:32  Reaper  
  21  1:38  Factory  
  21  1:39  Orbital Command  
  21  1:57  Supply Depot  
  21  2:04  Reaper, SCV  
  23  2:26  Hellion  
  23  2:27  SCV  
  26  2:33  Command Center  
  26  2:40  Reaper  
  27  2:45  Supply Depot  
  27  2:48  Hellion  
  29  2:58  SCV  
  30  3:06  Starport  
  30  3:09  Hellion  
  30  3:10  SCV  
  30  3:35  SCV  
  30  3:37  Factory Tech Lab  
  30  3:38  Barracks Reactor  
  31  3:47  SCV, Orbital Command  
  31  3:54  Barracks  
  31  3:55  Siege Tank  
  34  3:59  SCV  
  35  4:07  Engineering Bay  
  35  4:10  Engineering Bay  
  35  4:11  SCV  
  35  4:14  Viking  
  35  4:15  SCV  
  39  4:21  Marine x2  
  39  4:23  SCV  
  42  4:30  Barracks  
  42  4:37  SCV x2  
  42  4:38  Supply Depot  
  44  4:47  Starport Reactor  
  44  4:49  SCV x2  
  46  4:54  Terran Infantry Weapons Level 1  
  46  4:55  Terran Infantry Armor Level 1  
  46  4:56  Factory Reactor  
  46  4:59  Stimpack  
  46  5:01  SCV x2  
  46  5:05  Refinery  
  48  5:07  Marine x2  
  50  5:18  SCV x2  
  52  5:25  Marine x2  
  54  5:30  SCV x2  
  54  5:34  Barracks Reactor  
  56  5:42  SCV x2  
  58  5:49  Marine x2  
  59  5:52  Marauder  
  59  5:53  Command Center  
  62  6:00  Medivac, Supply Depot, SCV x2  
  66  6:07  Marine x2  
  67  6:13  Marauder  
  67  6:18  SCV  
  70  6:22  Medivac, SCV  
  70  6:24  Armory  
  73  6:27  Supply Depot, Marine x4  
  77  6:34  Marine  
  77  6:38  Combat Shield  
  78  6:48  Marine x4  
  78  6:49  Medivac  
  78  6:52  Marauder  
  81  7:06  Marine x3  
  84  7:14  Marauder  
  69  7:30  Marine  
  69  7:31  Marine x3  
  69  7:35  Medivac x2, Marauder  
  69  7:36  Terran Infantry Weapons Level 2  
  79  7:40  SCV x2  
  81  7:48  Marine x3  
  81  7:49  Marine  
  85  7:52  Refinery, SCV x2  
  85  7:56  Marauder  
  85  7:57  Concussive Shells  
  89  8:00  Orbital Command  
  89  8:04  SCV  
  90  8:06  Marine x4  
  94  8:17  SCV  
  94  8:18  SCV, Marauder  
  98  8:24  Marine x3  
  101  8:34  SCV  
  101  8:35  Marine  
  101  8:36  SCV  
  101  8:39  Marauder  
  96  8:42  Marine x3  
  89  8:53  Marine  
  84  8:59  Marine  
  84  9:00  Marine x2  
  86  9:05  Marauder  
  81  9:10  Marine  
  68  9:17  Marine  
  68  9:20  Marine x2  
  67  9:26  Marauder  
  67  9:27  SCV x2  
  67  9:28  Marine  
  72  9:35  Marine  
  72  9:38  Marine x2  
  73  9:39  SCV x2  
  77  9:46  Marine  
  77  9:47  Marauder  
  77  9:51  SCV x2  
  82  9:53  Marine  
  82  9:56  Marine x2  
  85  10:03  SCV  
  86  10:14  Supply Depot  
  86  10:17  Marine  
  86  10:18  SCV  
  86  10:24  Marine x3  
  86  10:27  Marauder  
  85  10:35  Marine  
  84  10:42  Marine x3  
  85  10:49  Marauder  
  77  10:53  Marine  
  67  11:03  Marine  
  63  11:07  Marine  
  63  11:11  Marauder  
  63  11:17  Marine  
  61  11:25  Marine  
Show
View Real Time Build Order
Export as new Build Order

bablit Terran - Winner!

Build Orders:  

Get SALT Encoding   

  12  0:00  SCV  
  13  0:12  SCV  
  14  0:20  Supply Depot  
  14  0:25  SCV  
  15  0:30  Refinery  
  15  0:42  SCV  
  16  0:45  Barracks  
  16  0:54  SCV  
  17  1:06  SCV  
  19  1:18  SCV  
  19  1:30  SCV  
  19  1:32  Reaper  
  21  1:43  Command Center  
  21  1:58  Factory  
  21  2:04  Orbital Command  
  21  2:22  Barracks Reactor  
  21  2:24  Refinery  
  21  2:26  Supply Depot  
  21  2:36  SCV  
  22  2:48  SCV  
  22  2:51  Hellion  
  25  2:52  Starport  
  24  2:58  Orbital Command  
  24  3:00  SCV  
  24  3:04  Marine  
  24  3:05  Marine  
  26  3:13  Hellion  
  28  3:22  Marine  
  28  3:23  Marine  
  26  3:39  SCV x2  
  26  3:40  Marine  
  26  3:41  Marine  
  30  3:49  Factory Tech Lab  
  30  3:51  SCV x2  
  32  3:57  Starport Tech Lab  
  32  4:03  SCV  
  32  4:07  Siege Tank  
  32  4:09  SCV  
  37  4:13  Barracks  
  37  4:17  Barracks  
  37  4:27  Raven  
  37  4:31  Supply Depot  
  39  4:38  SCV x2  
  41  4:43  Siege Tank  
  44  4:48  Engineering Bay  
  44  4:50  SCV x2  
  44  4:52  Engineering Bay  
  46  5:00  Refinery  
  46  5:01  Refinery  
  46  5:02  SCV x2  
  46  5:04  Barracks Tech Lab, Marine x2  
  46  5:06  Barracks Reactor  
  50  5:14  SCV  
  50  5:18  SCV  
  52  5:23  Stimpack  
  52  5:28  Terran Infantry Weapons Level 1  
  52  5:30  SCV x2  
  52  5:31  Starport  
  54  5:44  Supply Depot  
  54  5:46  Terran Infantry Armor Level 1  
  54  5:49  Marine x3, SCV x2  
  59  5:56  Missile Turret  
  59  6:01  SCV x2  
  61  6:06  Marine x2  
  63  6:12  Starport Reactor  
  63  6:13  Marine x2  
  63  6:14  Siege Tank, Marine  
  69  6:24  Armory, Marine  
  70  6:28  Supply Depot  
  70  6:30  Supply Depot  
  70  6:39  Supply Depot  
  70  6:49  Marine x3  
  71  6:55  Marine x2  
  71  6:56  Medivac x2  
  71  6:57  Siege Tank  
  78  7:05  SCV x2  
  78  7:07  Marine x3  
  83  7:13  Marine  
  84  7:16  Command Center  
  71  7:26  Marine x4  
  63  7:30  Marine  
  63  7:35  Viking  
  66  7:44  Marine x4  
  67  7:48  Marine  
  71  8:01  Marine  
  71  8:02  Marine x3  
  71  8:04  Barracks  
  71  8:05  Barracks, Terran Infantry Armor Level 2, Terran Infantry Weapons Level 2  
  75  8:07  Barracks, SCV x2  
  77  8:18  Supply Depot  
  77  8:19  SCV x2  
  79  8:31  SCV x2  
  79  8:33  Combat Shield  
  81  8:34  Marine x3  
  81  8:35  Siege Tank  
  87  8:43  Marine  
  87  8:44  Marine  
  89  8:52  Marine x3  
  92  9:00  Marine x3  
  92  9:01  Marine  
  92  9:02  Marine  
  96  9:09  Marine  
  86  9:10  Marine x2  
  86  9:15  SCV  
  82  9:18  Marine x3  
  82  9:19  Marine x2  
  82  9:23  SCV  
  85  9:27  Marine x2  
  85  9:28  Marine, SCV  
  89  9:35  Marine, SCV  
  89  9:36  Marine x2  
  89  9:37  Viking, Marine  
  95  9:42  Terran Vehicle Weapons Level 1  
  95  9:50  SCV x2  
  95  9:52  Orbital Command  
  97  9:55  Marine x3  
  97  9:56  Marine  
  101  10:02  SCV x2  
  101  10:03  Marine x2  
  101  10:04  Marine x2  
  107  10:10  Viking  
  107  10:13  Marine  
  110  10:14  SCV x2  
  110  10:17  Supply Depot  
  112  10:22  Marauder  
  114  10:30  Siege Tank  
  117  10:39  Marine x7  
  117  10:41  Medivac, Supply Depot  
  124  10:43  Marine  
  120  10:56  Marine  
  102  10:57  Marine x6  
  102  11:01  Marine  
  76  11:14  Marine  
  76  11:15  Marine x6  
Tags
 
Add a new tag
Caveats
  • Supply blocks, unpowered buildings, or Contaminate may cause inaccurate times.
  • Supply counts are checked every 10 seconds.